 Dungeon Crawl Stone Soup version 0.28-a0-80-g9707f7362f (webtiles) character file.

Game seed: 17747705105888955279

30537 armymancorey the Warrior (level 13, 0/115 HPs)
             Began as a Formicid Fighter on Aug 5, 2021.
             Was the Champion of Okawaru.
             Slain by arson's ghost (20 damage)
             ... on level 4 of the Lair of Beasts.
             The game lasted 00:59:57 (13083 turns).

armymancorey the Warrior (Formicid Fighter)        Turns: 13083, Time: 00:59:58

Health: 0/115      AC: 20    Str: 25    XL:     13   Next: 89%
Magic:  13/13      EV:  7    Int: 13    God:    Okawaru [******]
Gold:   1114       SH: 12    Dex: 17    Spells: 12/12 levels left

rFire   . . .      SeeInvis +   E - +5 war axe (vorpal)
rCold   . . .      Faith    .   c - +0 kite shield
rNeg    + + +      Spirit   .   L - +4 plate armour {rF+}
rPois   +          Reflect  .   (helmet unavailable)
rElec   .          Harm     .   (no cloak)
rCorr   .          Rampage  .   (no gloves)
Will    +++..                   z - +0 pair of boots
Stlth   ..........              d - amulet of the Thistle {rF- Will+ Regen+ Int+5}
HPRegen 1.29/turn               M - ring of positive energy
MPRegen 0.13/turn               h - ring "Faowymm" {rPois rN++ Will+ Dex+6 Stlth-}

@: mighty, studying Maces & Flails
A: permanent stasis, dig shafts and tunnels, antennae 3, four strong arms
a: Dig, Shaft Self, Renounce Religion, Heroism, Finesse


You were on level 4 of the Lair of Beasts.
You worshipped Okawaru.
Okawaru was exalted by your worship.
You visited 3 branches of the dungeon, and saw 17 of its levels.
You also visited: Sewer.

You collected 1114 gold pieces.

Inventory:

Hand Weapons
 C - a +4 flail of draining
 E - a +5 vorpal war axe (weapon)
Missiles
 g - 68 poisoned darts
 x - 3 throwing nets
 y - 5 atropa-tipped darts
 O - a silver javelin
 P - 9 curare-tipped darts
Armour
 c - a +0 kite shield (worn)
 f - a +0 troll leather armour {Purgy}
 z - a +0 pair of boots (worn)
 L - a +4 plate armour of fire resistance (worn)
Jewellery
 d - the amulet of the Thistle (around neck) {rF- Will+ Regen+ Int+5}
   (You took it off a centaur on level 6 of the Dungeon)

   [amulet of regeneration]

   Int:       It affects your intelligence (+5).
   rF:        It makes you vulnerable to fire.
   Regen:     It increases your rate of health regeneration.
   Will:      It increases your willpower.
 h - the ring "Faowymm" (right hand) {rPois rN++ Will+ Dex+6 Stlth-}
   (You found it on level 11 of the Dungeon)

   [ring of dexterity]

   Dex:       It affects your dexterity (+6).
   rPois:     It protects you from poison.
   rN:        It greatly protects you from negative energy.
   Will:      It increases your willpower.
   Stlth:     It makes you less stealthy.
 t - an amulet of regeneration
 w - a ring of flight
 J - a ring of magical power
 M - a ring of positive energy (left hand)
Wands
 e - a wand of iceblast (5)
 k - a wand of digging (7)
 A - a wand of mindburst (22)
 B - a wand of flame (85)
 D - a wand of paralysis (10)
Scrolls
 b - 4 scrolls of identify
 o - 3 scrolls of amnesia
 r - 3 scrolls of fear
 s - 6 scrolls of magic mapping
 v - 4 scrolls of blinking
 F - 5 scrolls of teleportation
 G - 2 scrolls of noise
Potions
 a - 3 potions of brilliance
 i - 4 potions of magic
 j - 3 potions of mutation
 m - 4 potions of flight
 p - 2 potions of attraction
 q - 4 potions of lignification
 u - 9 potions of curing
 H - 3 potions of degeneration
 I - a potion of berserk rage


   Skills:
 + Level 15.1 Fighting
 * Level 13.2 Axes
 + Level 10.9 Armour
 - Level 9.0 Shields


You had 12 spell levels left.
You didn't know any spells.
Your spell library contained the following spells:

 Spells                   Type           Power      Damage    Failure   Level
 Magic Dart               Conj           0%         1d3       96%         1
 Call Imp                 Summ           0%         N/A       99%         2
 Mephitic Cloud           Conj/Pois/Air  0%         N/A       100%        3
 Ozocubu's Armour         Ice            0%         N/A       100%        3
 Portal Projectile        Hex/Tloc       0%         N/A       100%        3
 Cause Fear               Hex            0%         N/A       100%        4
 Summon Lightning Spire   Summ/Air       0%         N/A       100%        4
 Blade Hands              Tmut           0%         N/A       100%        5
 Excruciating Wounds      Necr           0%         N/A       100%        5
 Metabolic Englaciation   Hex/Ice        0%         N/A       100%        5
 Summon Forest            Summ/Tloc      0%         N/A       100%        5
 Summon Mana Viper        Hex/Summ       0%         N/A       100%        5
 Shadow Creatures         Summ           N/A        N/A       100%        6
 Simulacrum               Ice/Necr       0%         N/A       100%        6
 Dragon Form              Tmut           0%         N/A       100%        7
 Storm Form               Tmut/Air       0%         N/A       100%        7
 Maxwell's Capacitive Co  Air            0%         ∞         100%        8
 Dragon's Call            Summ           0%         N/A       100%        9


Dungeon Overview and Level Annotations

Branches:
Dungeon (12/15)            Temple (1/1) D:7            Lair (4/6) D:11
 Shoals (0/4) Lair:2          Orc (0/2) D:11          Sewer (visited)
  Snake: Lair:2-4    Spider: Lair:2-4

Altars:
Ashenzari
Cheibriados
Dithmenos
Elyvilon
Fedhas
Gozag
Hepliaklqana
Kikubaaqudgha
Makhleb
Nemelex Xobeh
Okawaru
Qazlal
Ru
Sif Muna
Trog
Uskayaw
Vehumet
Wu Jian
Xom
Yredelemnul
Zin
The Shining One

Shops:
D:1 !   D:9 (

Annotations:
Lair:2 exclusion: oklob plant
Lair:3 exclusion: oklob plant
Lair:4 arson's ghost, journeyman MiGl


Innate Abilities, Weirdness & Mutations

You cannot be hasted, slowed, berserked, paralysed or teleported.
You can dig through walls and to a lower floor.
You have a pair of large antennae on your head. (SInv)
Your four strong arms can wield two-handed weapons with a shield.


Message History

You slice the minotaur!!
The minotaur is severely wounded.
You hit arson's ghost. You hit the minotaur but do no damage.
The minotaur is severely wounded.
You hit arson's ghost.
You hear the slow rumble of a very distant avalanche of rocks.
Arson's ghost hits you! The minotaur hits you. The minotaur barely misses you.
You slash the minotaur!
The minotaur is severely wounded.
You hit arson's ghost but do no damage. The minotaur hits you.
The minotaur gores you!
* * * LOW HITPOINT WARNING * * *
Arson's ghost hits you but does no damage.
You slash the minotaur!
The minotaur is almost dead.
You hit arson's ghost. Arson's ghost barely misses you.
You block the minotaur's attack. The minotaur closely misses you.
You hit the minotaur.
The minotaur is almost dead.
You hit arson's ghost but do no damage. Arson's ghost barely misses you.
The minotaur hits you!!
* * * LOW HITPOINT WARNING * * *
The minotaur gores you but does no damage.
Okay, then.
You feel much better. The minotaur closely misses you.
The minotaur completely misses you.
Arson's ghost hits you but does no damage.
You feel very mighty all of a sudden.
Arson's ghost hits you but does no damage.
The minotaur hits you!!
* * * LOW HITPOINT WARNING * * *
The minotaur barely misses you.
You slice the minotaur!!
You kill the minotaur!
Okawaru is honoured by your kill. Something appears at your feet!
Okawaru grants you ammunition!
You slash arson's ghost! Arson's ghost hits you!!
You die...

##......>...... ##.... .
#..#..###.# #..... #.
##.P.##..#### #....
#.##...........# # #....
##....#########.###.#####....
###P.#..#.# #...#..##...##....(
#P.P....#[.##.#.#..............
..P..#P.##?..W#.†....P.#.......
..#.....#...#(@.†..#.#####.....
# ##.##.##..#...†.#...# #.....
#P.##.#..####.#....######.###
#...#.#.# #..#.#....##.#.###
#.....#########.)..........#
##...............#.........#
##.......P##P.#.##........##
#.........###.####........#
##.......## ### #........##


You could see arson's ghost.

Vanquished Creatures
  A minotaur (Lair:4)
  A hydra (Lair:3)
  A two-headed ogre (D:11)
  7 cyclopes (D:11)
  9 elephants
  3 black mambas
  A torpor snail (Lair:2)
  4 cane toads
  A gargoyle (D:10)
  An unseen horror (D:10)
  A rime drake (Lair:3)
  6 komodo dragons
  A troll (D:10)
  18 blink frogs
  A meliai zombie (D:11)
  Sigmund (D:5)
  3 wyverns
  A wraith (D:10)
  A vampire (D:10)
  4 basilisks
  Eustachio (D:5)
  27 yaks
  Edmund (D:5)
  2 acid dragons (D:11)
  10 water moccasins
  Purgy (Sewer)
  5 orc warriors
  An ice beast (D:6)
  4 black bears
  A necrophage (D:5)
  2 ogres (D:6)
  30 wolves (Lair:3)
  A phantom (D:6)
  11 centaurs
  2 kobold brigands
  3 scorpions
  11 bullfrogs
  A wyvern zombie (D:6)
  4 killer bees (D:10)
  4 wights (D:10)
  8 centaur zombies
  A crimson imp (D:8)
  3 orc priests
  A centaur skeleton (D:4)
  A bullfrog zombie (D:7)
  5 hounds
  4 jellies
  Ijyb (D:5)
  6 iguanas
  8 orc wizards
  A howler monkey zombie (D:9)
  4 gnolls (D:4)
  5 river rats
  6 adders
  3 white imps
  An ufetubus (D:7)
  An adder skeleton (D:4)
  5 worms
  4 dart slugs
  22 orcs
  A bat (D:1)
  4 endoplasms
  2 giant cockroaches (D:3)
  4 goblins (D:4)
  6 hobgoblins
  4 jackals
  15 kobolds
  2 quokkas
  3 training dummies (D:9)
  7 ball pythons
  21 rats
347 creatures vanquished.

Vanquished Creatures (others)
  A bush (Lair:2)
  6 fungi
  22 plants
29 creatures vanquished.

Grand Total: 376 creatures vanquished

Notes
Turn   | Place    | Note
-------+----------+-------------------------------------------
     0 | D:1      | armymancorey the Formicid Fighter began the quest for the
                  | Orb.
     0 | D:1      | Reached XP level 1. HP: 18/18 MP: 1/1
   270 | D:1      | Found Galeob's Distillery.
   298 | D:1      | Reached XP level 2. HP: 24/24 MP: 2/2
   836 | D:1      | Found a faded altar of an unknown god.
  1433 | D:2      | Reached XP level 3. HP: 25/30 MP: 3/3
  1680 | D:3      | Found a shimmering altar of Xom.
  1838 | D:3      | Found an ancient bone altar of Kikubaaqudgha.
  1908 | D:3      | Reached skill level 5 in Shields
  1927 | D:3      | Reached skill level 4 in Fighting
  1927 | D:3      | Reached XP level 4. HP: 21/37 MP: 4/4
  2169 | D:3      | Found a glowing drain.
  2174 | Sewer    | Entered a sewer
  2350 | Sewer    | Noticed Purgy
  2387 | Sewer    | Killed Purgy
  2388 | Sewer    | Reached XP level 5. HP: 18/43 MP: 5/5
  2702 | D:3      | Found an ornate altar of the Wu Jian Council.
  2966 | D:4      | Reached XP level 6. HP: 50/50 MP: 6/6
  3036 | D:4      | Reached skill level 5 in Fighting
  3117 | D:4      | Found a snail-covered altar of Cheibriados.
  3288 | D:4      | Reached XP level 7. HP: 56/56 MP: 7/7
  3623 | D:5      | Entered Level 5 of the Dungeon
  3752 | D:5      | Noticed Edmund
  3762 | D:5      | Killed Edmund
  3766 | D:5      | Reached skill level 6 in Fighting
  3798 | D:5      | Reached XP level 8. HP: 59/64 MP: 8/8
  3908 | D:5      | Noticed Eustachio
  3924 | D:5      | Killed Eustachio
  3925 | D:5      | Reached skill level 7 in Fighting
  3981 | D:5      | Noticed Sigmund
  3987 | D:5      | Killed Sigmund
  3988 | D:5      | Reached skill level 8 in Fighting
  4045 | D:5      | Noticed Ijyb
  4053 | D:5      | Killed Ijyb
  4108 | D:5      | Reached skill level 9 in Fighting
  4391 | D:6      | Reached XP level 9. HP: 73/76 MP: 9/9
  4603 | D:6      | Reached skill level 10 in Fighting
  4826 | D:6      | Identified the amulet of the Thistle {rF- Will+ Regen+
                  | Int+5}
  5232 | D:6      | Found a sparkling altar of Nemelex Xobeh.
  5384 | D:6      | Reached skill level 11 in Fighting
  5643 | D:7      | Found a hazy altar of Hepliaklqana.
  5696 | D:7      | Found a shimmering blue altar of Sif Muna.
  5917 | D:7      | Found a staircase to the Ecumenical Temple.
  5926 | Temple   | Entered the Ecumenical Temple
  6116 | Temple   | Became a worshipper of Warmaster Okawaru
  6430 | D:8      | Reached skill level 12 in Fighting
  6444 | D:8      | Reached XP level 10. HP: 66/89 MP: 10/10
  6527 | D:8      | Reached * piety under Okawaru
  7002 | D:8      | Found a sacrificial altar of Ru.
  7082 | D:9      | Found a radiant altar of Vehumet.
  7237 | D:9      | Found Lues's Firing Range.
  7793 | D:10     | Entered Level 10 of the Dungeon
  7803 | D:10     | Reached skill level 5 in Axes
  7872 | D:10     | Reached skill level 5 in Armour
  7899 | D:10     | Noticed an unseen horror
  7920 | D:10     | Killed an unseen horror
  7920 | D:10     | Reached ** piety under Okawaru
  7931 | D:10     | Found a hide-covered altar of Uskayaw.
  7976 | D:10     | Found a blossoming altar of Fedhas.
  8586 | D:10     | Noticed a gargoyle
  8595 | D:10     | Killed a gargoyle
  8759 | D:11     | Reached XP level 11. HP: 88/97 MP: 11/11
  8764 | D:11     | Reached *** piety under Okawaru
  8828 | D:11     | Reached skill level 13 in Fighting
  8850 | D:11     | Noticed a cyclops
  8850 | D:11     | Noticed a cyclops
  8884 | D:11     | Killed a cyclops
  8934 | D:11     | Killed a cyclops
  8949 | D:11     | Noticed a cyclops
  8968 | D:11     | Killed a cyclops
  8968 | D:11     | Reached **** piety under Okawaru
  9081 | D:11     | Noticed a two-headed ogre
  9091 | D:11     | Killed a two-headed ogre
  9168 | D:11     | Found a staircase to the Orcish Mines.
  9214 | D:11     | Found a staircase to the Lair.
  9219 | D:11     | Reached ***** piety under Okawaru
  9262 | D:11     | Identified the ring "Faowymm" {rPois rN++ Will+ Dex+6
                  | Stlth-}
  9388 | D:11     | Noticed a cyclops
  9388 | D:11     | Noticed a cyclops
  9431 | D:11     | Killed a cyclops
  9567 | D:11     | Noticed a cyclops
  9577 | D:11     | Killed a cyclops
  9577 | D:11     | Noticed a cyclops
  9578 | D:11     | Noticed a cyclops
  9588 | D:11     | Killed a cyclops
  9589 | D:11     | Reached XP level 12. HP: 51/105 MP: 12/12
  9848 | D:12     | Noticed a six-headed hydra
  9865 | Lair:1   | Entered Level 1 of the Lair of Beasts
  9978 | Lair:1   | Reached skill level 10 in Axes
 10067 | Lair:1   | Received a gift from Okawaru
 10366 | Lair:1   | Reached skill level 14 in Fighting
 11161 | Lair:2   | Found a staircase to the Shoals.
 11242 | Lair:2   | Reached XP level 13. HP: 66/114 MP: 13/13
 11609 | Lair:2   | Reached skill level 10 in Armour
 11861 | Lair:3   | Received a gift from Okawaru
 12141 | Lair:3   | Reached skill level 15 in Fighting
 12614 | Lair:3   | Noticed a five-headed hydra
 12650 | Lair:3   | Killed a five-headed hydra
 13008 | Lair:4   | Found a runed translucent gate.
 13008 | Lair:4   | Found a runed translucent gate.
 13008 | Lair:4   | Found a runed translucent gate.
 13028 | Lair:4   | Noticed a minotaur
 13037 | Lair:4   | Noticed arson's ghost (journeyman MiGl)
 13083 | Lair:4   | Killed a minotaur
 13083 | Lair:4   | Reached ****** piety under Okawaru
 13083 | Lair:4   | Received a gift from Okawaru
 13083 | Lair:4   | Slain by arson's ghost

Illustrated notes

Levels and vault maps discovered:
D:1:      roderic_dead_forest, layout_basic, serial_shops, shop,
          dreamdust_ecumenical_altar_statues, chequers_serial_rivers_micro_e,
          hangedman_decor_clover_reticule
D:2:      layout_rooms
D:3:      layout_basic, brannock_xom_greatest_gift, nzn_wu_jian_contemplation,
          amcnicky_altar_gilded, lightli_sewer_entry_pipes
D:4:      layout_gridville, lemuel_doored_altar
D:5:      layout_loops_ring, uniq_edmund, uniq_ijyb, uniq_sigmund,
          uniq_eustachio
D:6:      layout_layer_cave, nemelex_dance_club_becter, dk_rats_in_the_wall
D:7:      layout_rooms, lemuel_crystal_altar, mainiacjoe_overflow_boulevard,
          minmay_temple_entry_gardened_gates
D:8:      layout_basic, kennysheep_mini_moat, minmay_fire_ice_demons
D:9:      layout_roguey, nicolae_vehumet_radiance, nicolae_shop_firing_range
D:10:     layout_small_grid, fedhas_altar_1, mainiacjoe_overflow_alcove_2
D:11:     giant_chief_lemuel, layout_cross, grunt_lair_entry_orc_guard_hut,
          orc_0_dummy
D:12:     layout_long_grid, serial_shops, nicolae_shop_stone
Temple:   minmay_temple_curvy_loop
Lair:1:   layout_cave_pods, nicolae_quartered_pool_super
Lair:2:   dpeg_oklob_gauntlet, layout_cave_pods, minmay_shoals_entry_centaurs
Lair:3:   layout_gridlike, grunt_forest_large_clearings
Lair:4:   layout_small_grid, guppyfry_snake_entry_island,
          maelrawn_ghost_gauntlet_escape, nicolae_volcano_entry_s_turn,
          chequers_serial_rivers_micro_d

Skill      XL: |  1  2  3  4  5  6  7  8  9 10 11 12 13 |
---------------+----------------------------------------+-----
Shields        | 4 5 6 7 8 9 |  9.0
Fighting       | 4 5 6 9 12 13 14 15 | 15.1
Axes           | 6 9 11 13 | 13.2
Armour         | 6 8 9 10 | 10.9

Action                   |  1- 3 |  4- 6 |  7- 9 | 10-12 | 13-15 || total
-------------------------+-------+-------+-------+-------+-------++-------
Melee: War axe           |    76 |   150 |   150 |   439 |   202 ||  1017
       Flail             |       |       |   155 |       |       ||   155
Throw: Dart              |       |     5 |       |       |       ||     5
Invok: Heroism           |       |       |       |       |     1 ||     1
 Abil: Dig               |       |       |     3 |    10 |       ||    13
Evoke: Wand              |       |       |       |       |    17 ||    17
  Use: Potion            |       |     2 |     2 |       |     5 ||     9
       Scroll            |       |       |       |    26 |       ||    26
Armor: Scale mail        |    31 |    42 |       |       |       ||    73
       Troll leather arm |       |    27 |    83 |     5 |       ||   115
       Plate armour      |       |       |       |   237 |   165 ||   402
Dodge: Dodged            |    16 |    83 |   149 |   102 |    68 ||   418
Block: Kite shield       |    32 |   115 |   198 |   260 |   170 ||   775

Table legend: (Time is in decaauts)
 A = Elapsed time spent in this place.
 B = Non-inter-level travel time spent in this place.
 C = Inter-level travel time spent in this place.
 D = Time resting spent in this place.
 E = Time spent auto-exploring this place.
 F = Levels seen in this place.
 G = Mean time per level.
                   A        B        C        D        E       F      G
               +--------+--------+--------+--------+--------+-----+--------+
         Total |  13382 |  12945 |    437 |   1053 |   8735 |  18 |  743.4 |
       Dungeon |   9499 |   9170 |    329 |    706 |   6161 |  12 |  791.6 |
        Temple |    207 |    192 |     15 |      0 |    156 |   1 |  207.0 |
          Lair |   3186 |   3093 |     93 |    113 |   2284 |   4 |  796.5 |
         Sewer |    488 |    488 |      0 |    233 |    133 |   1 |  488.0 |
               +--------+--------+--------+--------+--------+-----+--------+

Top non-repeatable levels by time:
     D:6: 1258 daAuts
     D:1: 1201 daAuts
  Lair:2: 1198 daAuts
    D:11: 1114 daAuts
  Lair:3: 1073 daAuts
    D:10: 969 daAuts
     D:3: 870 daAuts
  Lair:1: 808 daAuts
     D:5: 791 daAuts
     D:9: 776 daAuts
     D:4: 728 daAuts
     D:8: 636 daAuts
     D:7: 629 daAuts
     D:2: 503 daAuts
   Sewer: 488 daAuts
